| TOP OF THE 1ST |
|
Seattle Mariners batting - Pitching for California Angels : LHP Ray Fontenot
|
|
Pitching: LHP Ray Fontenot
|
|
|
Batting: SHB Miguel Dilone
|
0-0: Called Strike 0-1: Foul Ball, location: 2F 0-2: Foul Ball, location: 2F 0-2: Ball 1-2: Foul Ball, location: 2F 1-2: Ball 2-2: Foul Ball, location: 2F 2-2: Fly out, F6 (Flyball, 56D, EV 84.4 MPH)
|
|
Batting: LHB Jose Perales
|
0-0: Ball 1-0: Swinging Strike 1-1: Ball 2-1: Called Strike 2-2: Strikes out swinging
|
|
Batting: RHB Robin Yount
|
0-0: Ball 1-0: SINGLE (Line Drive, 7S, EV 105.6 MPH)
|
|
Batting: LHB Don Mattingly
|
0-0: Called Strike 0-1: Ball 1-1: Ball 2-1: Swinging Strike 2-2: Strikes out swinging
|
| Top of the 1st over - 0 runs, 1 hit, 0 errors, 1 left on base; Seattle 0 - California 0 |
| BOTTOM OF THE 1ST |
|
California Angels batting - Pitching for Seattle Mariners : RHP Bob Moose
|
|
Pitching: RHP Bob Moose
|
|
|
Batting: SHB Ignacio Medina
|
0-0: Ball 1-0: Foul Ball, location: 2F 1-1: Ball 2-1: Ground out U3 (Groundball, 3, EV 86.3 MPH)
|
|
Batting: RHB Jeff Atherton
|
0-0: Ground out 2-3 (Groundball, 15S, EV 70.6 MPH)
|
|
Batting: SHB Jon Hernandez
|
0-0: Foul Ball, location: 2F 0-1: Ground out U3 (Groundball, 3, EV 90.6 MPH)
|
| Bottom of the 1st over - 0 runs, 0 hits, 0 errors, 0 left on base; Seattle 0 - California 0 |
| TOP OF THE 2ND |
|
Seattle Mariners batting - Pitching for California Angels : LHP Ray Fontenot
|
|
Batting: LHB Chris Wynn
|
0-0: Ball 1-0: Fly out, F9 (Line Drive, 9D, EV 89.4 MPH)
|
|
Batting: LHB Mike Stenhouse
|
0-0: Called Strike 0-1: Ball 1-1: Called Strike 1-2: Ball 2-2: Foul Ball, location: 2F 2-2: Foul Ball, location: 2F 2-2: Ball 3-2: SINGLE (Line Drive, 56, EV 95.0 MPH)
|
|
Batting: RHB John Rabb
|
0-0: Ball 1-0: Foul Ball, location: 2F 1-1: Called Strike 1-2: Ball 2-2: Foul Ball, location: 2F 2-2: Ball 3-2: Foul Ball, location: 2F 3-2: Foul Ball, location: 2F 3-2: Base on Balls Mike Stenhouse to second
|
|
Batting: RHB Ryne Sandberg
|
0-0: TRIPLE (Line Drive, 78XD, EV 103.1 MPH) Mike Stenhouse scores John Rabb scores
|
|
Batting: RHB Tony Conigliaro
|
0-0: Called Strike 0-1: Ball 1-1: Ball 2-1: 2-RUN HOME RUN (Flyball, 7D, EV 95.6 MPH), Distance : 388 ft
|
|
Batting: SHB Miguel Dilone
|
0-0: Foul Ball, location: 2F 0-1: Fly out, F9 (Flyball, 9LD, EV 99.4 MPH)
|
|
Batting: LHB Jose Perales
|
0-0: Ball 1-0: Ground out 6-3 (Groundball, 6, EV 99.4 MPH)
|
| Top of the 2nd over - 4 runs, 3 hits, 0 errors, 0 left on base; Seattle 4 - California 0 |
| BOTTOM OF THE 2ND |
|
California Angels batting - Pitching for Seattle Mariners : RHP Bob Moose
|
|
Batting: RHB Frank White
|
0-0: Called Strike 0-1: Swinging Strike 0-2: SINGLE (Line Drive, 4MD, EV 95.0 MPH)
|
|
Batting: LHB Brian Rosinski
|
0-0: SINGLE (Groundball, 34D, EV 100.6 MPH) Frank White to second Runner from 2nd tries for 3rd, SAFE, no throw by RF
|
|
Batting: LHB John Milner
|
0-0: Called Strike 0-1: Ball 1-1: Foul Ball, location: 2F 1-2: Foul Ball, location: 2F 1-2: Strikes out swinging
|
|
Batting: RHB Carlos Pimentel
|
0-0: Called Strike Brian Rosinski steals 2nd base 0-1: Called Strike 0-2: Ball 1-2: Ball 2-2: Foul Ball, location: 2F 2-2: Foul Ball, location: 2F 2-2: Foul Ball, location: 2F 2-2: Foul Ball, location: 2F 2-2: Fly out, F9 (Flyball, 9, EV 87.5 MPH) Runner from 3rd tags up, SCORES, throw by RF Brian Rosinski to third
|
|
Batting: RHB Rafael Ramirez
|
0-0: Ball 1-0: Ball 2-0: Ground out 5-3 (Groundball, 56, EV 88.8 MPH)
|
| Bottom of the 2nd over - 1 run, 2 hits, 0 errors, 1 left on base; Seattle 4 - California 1 |
| TOP OF THE 3RD |
|
Seattle Mariners batting - Pitching for California Angels : LHP Ray Fontenot
|
|
Batting: RHB Robin Yount
|
0-0: Swinging Strike 0-1: Ball 1-1: Ball 2-1: SINGLE (Groundball, 15S, EV 65.6 MPH) (infield hit)
|
|
Batting: LHB Don Mattingly
|
0-0: Ball 1-0: Foul Ball, location: 2F 1-1: Ball 2-1: Called Strike 2-2: Foul Ball, location: 2F 2-2: Fly out, F8 (Flyball, 8LXD, EV 100.0 MPH)
|
|
Batting: LHB Chris Wynn
|
0-0: Called Strike 0-1: Ball 1-1: Fly out, F2 (Popup, 2LF, EV 88.1 MPH)
|
|
Batting: LHB Mike Stenhouse
|
0-0: Ball 1-0: Called Strike 1-1: Foul Ball, location: 2F 1-2: Ground out 4-3 (Groundball, 3, EV 89.4 MPH)
|
| Top of the 3rd over - 0 runs, 1 hit, 0 errors, 1 left on base; Seattle 4 - California 1 |
| BOTTOM OF THE 3RD |
|
California Angels batting - Pitching for Seattle Mariners : RHP Bob Moose
|
|
Batting: RHB Mike Bishop
|
0-0: Foul Ball, location: 2F 0-1: Called Strike 0-2: Ball 1-2: Fly out, F8 (Flyball, 8RM, EV 72.5 MPH)
|
|
Batting: SHB Ignacio Medina
|
0-0: Ball 1-0: Ball 2-0: Ball 3-0: Base on Balls
|
|
Batting: RHB Jeff Atherton
|
0-0: Ball Ignacio Medina steals 2nd base 1-0: Ball 2-0: Ground out 4-3 (Groundball, 4, EV 90.6 MPH) Ignacio Medina to third
|
|
Batting: SHB Jon Hernandez
|
0-0: Swinging Strike 0-1: Ball 1-1: Called Strike 1-2: Foul Ball, location: 2F 1-2: Foul Ball, location: 2F 1-2: Foul Ball, location: 2F 1-2: Ground out 4-3 (Groundball, 34D, EV 96.9 MPH)
|
| Bottom of the 3rd over - 0 runs, 0 hits, 0 errors, 1 left on base; Seattle 4 - California 1 |
| TOP OF THE 4TH |
|
Seattle Mariners batting - Pitching for California Angels : LHP Ray Fontenot
|
|
Batting: RHB John Rabb
|
0-0: Called Strike 0-1: Ball 1-1: Called Strike 1-2: Foul Ball, location: 2F 1-2: Ball 2-2: Fly out, F8 (Flyball, 89XD, EV 94.4 MPH)
|
|
Batting: RHB Ryne Sandberg
|
0-0: Ball 1-0: Ball 2-0: Foul Ball, location: 2F 2-1: SINGLE (Line Drive, 78S, EV 96.9 MPH)
|
|
Batting: RHB Tony Conigliaro
|
0-0: Ball 1-0: Called Strike Ryne Sandberg is caught stealing 2nd base 2-4 1-1: Foul Ball, location: 2F 1-2: Foul Ball, location: 2F 1-2: Foul Ball, location: 2F 1-2: Foul Ball, location: 2F 1-2: Ball 2-2: Ball 3-2: Foul Ball, location: 2F 3-2: Fly out, F8 (Flyball, 8RXD, EV 77.5 MPH)
|
| Top of the 4th over - 0 runs, 1 hit, 0 errors, 0 left on base; Seattle 4 - California 1 |
| BOTTOM OF THE 4TH |
|
California Angels batting - Pitching for Seattle Mariners : RHP Bob Moose
|
|
Batting: RHB Frank White
|
0-0: Called Strike 0-1: Ball 1-1: Foul Ball, location: 2F 1-2: Ball 2-2: Ball 3-2: Foul Ball, location: 2F 3-2: Base on Balls
|
|
Batting: LHB Brian Rosinski
|
0-0: Called Strike 0-1: Ground out 3-1 (Groundball, 34S, EV 82.5 MPH) Frank White to second
|
|
Batting: LHB John Milner
|
0-0: Called Strike 0-1: Ball 1-1: Foul Ball, location: 2F 1-2: Fly out, F9 (Flyball, 9D, EV 86.3 MPH) Runner from 2nd tags up, SAFE at 3rd, no throw by RF
|
|
Batting: RHB Carlos Pimentel
|
0-0: DOUBLE (Groundball, 5L, EV 108.1 MPH) Frank White scores
|
|
Batting: RHB Rafael Ramirez
|
0-0: SINGLE (Groundball, 34S, EV 70.6 MPH) (infield hit) Carlos Pimentel to third
|
|
Batting: RHB Mike Bishop
|
0-0: Called Strike 0-1: Ball 1-1: Called Strike 1-2: Foul Ball, location: 2F 1-2: Foul Ball, location: 2F 1-2: Strikes out swinging
|
| Bottom of the 4th over - 1 run, 2 hits, 0 errors, 2 left on base; Seattle 4 - California 2 |
| TOP OF THE 5TH |
|
Seattle Mariners batting - Pitching for California Angels : LHP Ray Fontenot
|
|
Batting: SHB Miguel Dilone
|
0-0: Called Strike 0-1: Foul Ball, location: 2F 0-2: Ball 1-2: SINGLE (Groundball, 15S, EV 65.6 MPH) (infield hit)
|
|
Batting: LHB Jose Perales
|
0-0: Ball 1-0: Ball 2-0: Swinging Strike 2-1: Ball 3-1: Base on Balls Miguel Dilone to second
|
|
Batting: RHB Robin Yount
|
0-0: Called Strike Miguel Dilone steals 3rd, throwing error, E2 Miguel Dilone scores Jose Perales to third 0-1: Ball 1-1: Foul Ball, location: 2F 1-2: Ball 2-2: SINGLE (Groundball, 34, EV 102.5 MPH) Jose Perales scores
|
|
Pitching: RHP Herberto Folgueira
|
|
|
Batting: LHB Don Mattingly
|
0-0: Ball 1-0: Ball 2-0: Grounds into double play, 6-4-3 (Groundball, 6, EV 86.9 MPH)
|
|
Batting: LHB Chris Wynn
|
0-0: Swinging Strike 0-1: Ball 1-1: Swinging Strike 1-2: Strikes out swinging
|
| Top of the 5th over - 2 runs, 2 hits, 1 error, 0 left on base; Seattle 6 - California 2 |
| BOTTOM OF THE 5TH |
|
California Angels batting - Pitching for Seattle Mariners : RHP Bob Moose
|
|
Batting: SHB Ignacio Medina
|
0-0: Ball 1-0: Called Strike 1-1: Ball 2-1: Fly out, F9 (Flyball, 9LM, EV 88.8 MPH)
|
|
Batting: RHB Jeff Atherton
|
0-0: Fly out, F3 (Line Drive, 3, EV 66.3 MPH)
|
|
Batting: SHB Jon Hernandez
|
0-0: Ball 1-0: Ball 2-0: Ball 3-0: Called Strike 3-1: Called Strike 3-2: SINGLE (Line Drive, 4MD, EV 95.0 MPH)
|
|
Batting: RHB Frank White
|
0-0: Ball 1-0: Fielders Choice at 2nd, 6-4 (Groundball, 6, EV 86.3 MPH)
|
| Bottom of the 5th over - 0 runs, 1 hit, 0 errors, 1 left on base; Seattle 6 - California 2 |
| TOP OF THE 6TH |
|
Seattle Mariners batting - Pitching for California Angels : RHP Herberto Folgueira
|
|
Batting: LHB Mike Stenhouse
|
0-0: Reached on error, E4 (Groundball, 13, EV 89.4 MPH)
|
|
Batting: RHB John Rabb
|
0-0: Called Strike 0-1: Ball 1-1: SINGLE (Line Drive, 78S, EV 106.3 MPH) Mike Stenhouse to third Throwing error, E7 Mike Stenhouse scores John Rabb to second
|
|
Batting: RHB Ryne Sandberg
|
0-0: Ball 1-0: Ground out 4-3 (Groundball, 4, EV 79.4 MPH) John Rabb to third
|
|
Batting: RHB Tony Conigliaro
|
0-0: Foul Ball, location: 2F 0-1: Ball 1-1: Ball 2-1: Called Strike 2-2: Foul Ball, location: 2F 2-2: SINGLE (Line Drive, 34, EV 98.8 MPH) John Rabb scores
|
|
Batting: SHB Miguel Dilone
|
0-0: Fielders Choice at 2nd, 6-4 (Groundball, 6D, EV 80.0 MPH)
|
|
Batting: LHB Jose Perales
|
0-0: Ball 1-0: Ball 2-0: Ball 3-0: Base on Balls Miguel Dilone to second
|
|
Batting: RHB Robin Yount
|
0-0: Swinging Strike 0-1: Ball 1-1: Ball 2-1: Ball 3-1: Base on Balls Miguel Dilone to third Jose Perales to second
|
|
Batting: LHB Don Mattingly
|
0-0: Ball 1-0: DOUBLE (Line Drive, 7LD, EV 103.1 MPH) Miguel Dilone scores Jose Perales scores Robin Yount to third Runner from 3rd tries for Home, SAFE, throw by LF to home
|
|
Pitching: LHP Tug McGraw
|
|
|
Batting: LHB Chris Wynn
|
0-0: Fly out, F6 (Popup, 56, EV 56.9 MPH)
|
| Top of the 6th over - 5 runs, 3 hits, 2 errors, 1 left on base; Seattle 11 - California 2 |
| BOTTOM OF THE 6TH |
|
California Angels batting - Pitching for Seattle Mariners : RHP Bob Moose
|
|
Batting: LHB Brian Rosinski
|
0-0: Ball 1-0: Called Strike 1-1: Ball 2-1: Foul Ball, location: 2F 2-2: Foul Ball, location: 2F 2-2: Strikes out swinging
|
|
Batting: LHB John Milner
|
0-0: Ground out 5-3 (Groundball, 56, EV 78.1 MPH)
|
|
Batting: RHB Carlos Pimentel
|
0-0: Called Strike 0-1: Ball 1-1: Ball 2-1: Foul Ball, location: 2F 2-2: Ground out 6-3 (Groundball, 6MS, EV 84.4 MPH)
|
| Bottom of the 6th over - 0 runs, 0 hits, 0 errors, 0 left on base; Seattle 11 - California 2 |
| TOP OF THE 7TH |
|
Seattle Mariners batting - Pitching for California Angels : LHP Tug McGraw
|
|
Batting: LHB Mike Stenhouse
|
0-0: Ball 1-0: Ball 2-0: Ball 3-0: Called Strike 3-1: Ground out 5-3 (Groundball, 5, EV 87.5 MPH)
|
|
Batting: RHB John Rabb
|
0-0: Called Strike 0-1: Called Strike 0-2: Fly out, F6 (Line Drive, 6, EV 71.3 MPH)
|
|
Pinch Hitting: RHB Juan DeLiza
|
0-0: Ball 1-0: Ball 2-0: Ball 3-0: Base on Balls
|
|
Batting: RHB Tony Conigliaro
|
0-0: Ball 1-0: Foul Ball, location: 2F 1-1: Ball 2-1: Foul Ball, location: 2F 2-2: Strikes out swinging
|
| Top of the 7th over - 0 runs, 0 hits, 0 errors, 1 left on base; Seattle 11 - California 2 |
| BOTTOM OF THE 7TH |
|
California Angels batting - Pitching for Seattle Mariners : RHP Bob Moose
|
|
Now at 2B: Juan DeLiza
|
|
|
Batting: RHB Rafael Ramirez
|
0-0: Ball 1-0: Ball 2-0: Ball 3-0: Base on Balls
|
|
Batting: RHB Mike Bishop
|
0-0: Ball 1-0: Called Strike 1-1: Ground out 5-3 (Groundball, 56S, EV 70.6 MPH) Rafael Ramirez to second
|
|
Batting: SHB Ignacio Medina
|
0-0: Swinging Strike 0-1: Hit by Pitch
|
|
Batting: RHB Jeff Atherton
|
0-0: Swinging Strike 0-1: Called Strike 0-2: Foul Ball, location: 2F 0-2: Fielders Choice at 2nd, 1-6 (Groundball, 34S, EV 68.8 MPH) Rafael Ramirez to third
|
|
Batting: SHB Jon Hernandez
|
0-0: Called Strike 0-1: Fly out, F8 (Flyball, 78S, EV 84.4 MPH)
|
| Bottom of the 7th over - 0 runs, 0 hits, 0 errors, 2 left on base; Seattle 11 - California 2 |
| TOP OF THE 8TH |
|
Seattle Mariners batting - Pitching for California Angels : LHP Tug McGraw
|
|
Batting: SHB Miguel Dilone
|
0-0: Swinging Strike 0-1: Called Strike 0-2: Ball 1-2: Reached on error, E5 (Groundball, 56, EV 106.9 MPH)
|
|
Batting: LHB Jose Perales
|
0-0: Fly out, F8 (Flyball, 8LD, EV 99.4 MPH)
|
|
Batting: RHB Robin Yount
|
|
|
Pinch Hitting: RHB Kurt Cunningham
|
0-0: Ball Miguel Dilone steals 2nd base (no throw) 1-0: Ball 2-0: SINGLE (Line Drive, 9LS, EV 103.1 MPH) Miguel Dilone to third Runner from 3rd tries for Home, throw by RF and OUT! 9-2 Kurt Cunningham to second
|
|
Batting: LHB Don Mattingly
|
0-0: Swinging Strike 0-1: Fly out, F6 (Flyball, 6D, EV 91.9 MPH)
|
| Top of the 8th over - 0 runs, 1 hit, 1 error, 1 left on base; Seattle 11 - California 2 |
| BOTTOM OF THE 8TH |
|
California Angels batting - Pitching for Seattle Mariners : RHP Bob Moose
|
|
Now at SS: Kurt Cunningham
|
|
|
Batting: RHB Frank White
|
0-0: Foul Ball, location: 2F 0-1: Called Strike 0-2: Strikes out swinging
|
|
Batting: LHB Brian Rosinski
|
0-0: Ball 1-0: Called Strike 1-1: Foul Ball, location: 2F 1-2: Strikes out swinging
|
|
Batting: LHB John Milner
|
0-0: Swinging Strike 0-1: Swinging Strike 0-2: Foul Ball, location: 2F 0-2: Ball 1-2: Foul Ball, location: 2F 1-2: Foul Ball, location: 2F 1-2: Ball 2-2: Strikes out swinging
|
| Bottom of the 8th over - 0 runs, 0 hits, 0 errors, 0 left on base; Seattle 11 - California 2 |
| TOP OF THE 9TH |
|
Seattle Mariners batting - Pitching for California Angels : LHP Tug McGraw
|
|
Batting: LHB Chris Wynn
|
0-0: Foul Ball, location: 2F 0-1: Ball 1-1: Reached on error, E8 (Line Drive, 8LM, EV 107.5 MPH)
|
|
Pitching: LHP Bob McClure
|
|
|
Batting: LHB Mike Stenhouse
|
0-0: Called Strike 0-1: Foul Ball, location: 2F 0-2: Ball 1-2: Strikes out swinging
|
|
Batting: RHB John Rabb
|
0-0: Called Strike 0-1: Ball 1-1: DOUBLE (Line Drive, 78M, EV 105.6 MPH) Chris Wynn to third Runner from 3rd tries for Home, SAFE, no throw by LF
|
|
Batting: RHB Juan DeLiza
|
0-0: Ball 1-0: Ball 2-0: SINGLE (Groundball, 6S, EV 68.1 MPH) (infield hit) John Rabb to third
|
|
Batting: RHB Tony Conigliaro
|
0-0: Ball 1-0: Called Strike 1-1: Ball 2-1: Swinging Strike 2-2: Strikes out looking
|
|
Batting: SHB Miguel Dilone
|
0-0: Called Strike 0-1: Foul Ball, location: 2F 0-2: Fielders Choice at 2nd, U6 (Groundball, 6M, EV 100.0 MPH)
|
| Top of the 9th over - 1 run, 2 hits, 1 error, 2 left on base; Seattle 12 - California 2 |
| BOTTOM OF THE 9TH |
|
California Angels batting - Pitching for Seattle Mariners : RHP Bob Moose
|
|
Batting: RHB Carlos Pimentel
|
0-0: Ball 1-0: Called Strike 1-1: Swinging Strike 1-2: Reached on error, E5 (Groundball, 56, EV 110.6 MPH)
|
|
Pitching: RHP Timothy Jones
|
|
|
Batting: RHB Rafael Ramirez
|
0-0: SINGLE (Groundball, 6MD, EV 96.3 MPH) Carlos Pimentel to second
|
|
Batting: RHB Mike Bishop
|
0-0: Ball 1-0: Swinging Strike 1-1: Foul Ball, location: 2F 1-2: Strikes out swinging
|
|
Batting: SHB Ignacio Medina
|
0-0: Fielders Choice at 2nd, 4-6 (Groundball, 4, EV 83.8 MPH) Carlos Pimentel to third
|
|
Batting: RHB Jeff Atherton
|
0-0: Ball 1-0: SINGLE (Line Drive, 4D, EV 93.8 MPH) Carlos Pimentel scores Ignacio Medina to second
|
|
Batting: SHB Jon Hernandez
|
0-0: Foul Ball, location: 2F 0-1: Swinging Strike 0-2: Foul Ball, location: 2F 0-2: Ball 1-2: Ball 2-2: Foul Ball, location: 2F 2-2: Foul Ball, location: 2F 2-2: Foul Ball, location: 2F 2-2: Ground out 6-3 (Groundball, P, EV 87.5 MPH)
|
| Bottom of the 9th over - 1 run, 2 hits, 1 error, 2 left on base; Seattle 12 - California 3 |
|